 Dungeon Crawl Stone Soup version 0.28-a0-1435-g82390b3a13 (webtiles) character file.

Game seed: 7913533021663616699

204 hashsling the Sneak (level 6, 0/39 HPs)
             Began as a Kobold Delver on Jan 9, 2022.
             Slain by an orc priest (1 damage)
             ... on level 3 of the Dungeon.
             The game lasted 00:05:17 (1444 turns).

hashsling the Sneak (Kobold Delver)                 Turns: 1444, Time: 00:05:18

Health: 0/39       AC:  3    Str: 10    XL:     6   Next: 9%
Magic:  6/6        EV: 15    Int: 11    God:
Gold:   28         SH:  0    Dex: 18    Spells: 5/5 levels left

rFire   . . .      SeeInvis .   a - +0 short sword
rCold   . . .      Faith    .   (no shield)
rNeg    . . .      Spirit   .   b - +0 leather armour
rPois   .          Reflect  .   (no helmet)
rElec   .          Harm     .   (no cloak)
rCorr   .          Rampage  .   (no gloves)
Will    .....                   (no boots)
Stlth   ++++......              (no amulet)
HPRegen 0.13/turn               (no ring)
MPRegen 0.10/turn               (no ring)

@: no status effects
A: small, no large weapons, nightstalker 3
a: no special abilities


You were on level 3 of the Dungeon.
You visited 1 branch of the dungeon, and saw 3 of its levels.

You collected 28 gold pieces.

Inventory:

Hand Weapons
 a - a +0 short sword (weapon)
Armour
 b - a +0 leather armour (worn)
 l - a +2 scale mail of cold resistance
Jewellery
 m - an amulet of the acrobat
Wands
 g - a wand of digging (9)
Scrolls
 c - a scroll of fog
 d - a scroll of torment {unknown}
 e - a scroll of fear
 i - a scroll of teleportation {unknown}
 j - a scroll of identify {unknown}
 k - a scroll of enchant armour {unknown}
Potions
 f - a potion of attraction {unknown}
 h - a potion of cancellation
 n - a potion of mutation {unknown}


   Skills:
 + Level 4.5 Fighting
 * Level 5.2 Short Blades
 + Level 4.0 Dodging
 - Level 7.0 Stealth


You had 5 spell levels left.
You didn't know any spells.
Your spell library contained the following spells:

 Spells                   Type           Power      Damage    Failure   Level
 Sandblast                Erth           0%         2d4       43%         1
 Passwall                 Tmut/Erth      0%         N/A       58%         2
 Stone Arrow              Conj/Erth      0%         3d7       82%         3


Dungeon Overview and Level Annotations

Branches:
Dungeon (5/15)
 Temple: D:4-7

Altars:
Uskayaw
Xom
Zin


Innate Abilities, Weirdness & Mutations

You are small and have problems with some larger weapons.
You are completely attuned to the shadows.


Message History

The bat is heavily wounded.
The bat closely misses you.
You hit the bat.
You kill the bat!
You closely miss the orc. The orc closely misses you.
You hit the orc.
The orc is moderately wounded.
An orc priest comes into view. It is wielding a +0 club.
You closely miss the orc.
The orc is moderately wounded.
The orc hits you with a +0 war axe!
You hit the orc.
You kill the orc!
An orc priest comes into view. It is wielding a +0 hand axe.
The orc priest hits you with a +0 club.
The orc priest shouts!
You hit the orc priest.
The orc priest is moderately wounded.
The orc priest hits you with a +0 club.
You hit the orc priest.
The orc priest is severely wounded.
The orc priest calls down the wrath of Beogh upon you.
Pain shoots through your body!
The orc priest invokes the aid of Beogh against you.
Pain shoots through your body!
You hit the orc priest.
The orc priest is almost dead.
You hit the orc priest.
You kill the orc priest!
Your Short Blades skill increases to level 5!
Your Dodging skill increases to level 4!
You have reached level 6!
You hit the orc priest.
The orc priest is moderately wounded.
The orc priest mumbles some strange prayers to Beogh against you.
Beogh smites you!
* * * LOW HITPOINT WARNING * * *
It was a potion of cancellation.
You feel magically purged.
The orc priest hits you with a +0 hand axe.
You die...

###################
#.................#
#.#.########..###.# #.#.#
##.###.# ## #.#.# #..##.# #.
#.#.# #######.....# #. #.#.#
#)@...#.....# #.
#.#.###o###.#.....# #. #.#.##..#
#.#....## #.
#.......###.############.
#.......#.#...........#..
#########..o...†#.#######)....#..
#...............#.......).......#
#.#...........................###
..#...........................#


You could see an orc priest.

Vanquished Creatures
  A water moccasin skeleton (D:5)
  An orc priest (D:3)
  Natasha (thrice) (D:3)
  4 adders
  An adder skeleton (D:5)
  3 orcs (D:3)
  An endoplasm (D:3)
  A giant cockroach (D:3)
  A goblin (D:4)
  2 bats (D:3)
  A frilled lizard (D:3)
  A rat (D:3)
20 creatures vanquished.

Vanquished Creatures (others)
  A plant (D:3)
1 creature vanquished.

Grand Total: 21 creatures vanquished

Notes
Turn   | Place    | Note
-------+----------+-------------------------------------------
     0 | D:5      | hashsling the Kobold Delver began the quest for the Orb.
     0 | D:5      | Reached XP level 1. HP: 14/14 MP: 1/1
    67 | D:5      | Reached skill level 7 in Stealth
    67 | D:5      | Reached XP level 2. HP: 9/20 MP: 2/2
    67 | D:5      | Reached XP level 3. HP: 11/24 MP: 3/3
    67 | D:5      | Reached XP level 4. HP: 13/29 MP: 4/4
   558 | D:3      | Found a glowing silver altar of Zin.
   567 | D:3      | Noticed Natasha
   571 | D:3      | Killed Natasha
   581 | D:3      | Noticed Natasha
   599 | D:3      | Killed Natasha
   600 | D:3      | Reached XP level 5. HP: 2/33 MP: 5/5
  1002 | D:3      | Noticed Natasha
  1005 | D:3      | Killed Natasha
  1020 | D:3      | Found a shimmering altar of Xom.
  1022 | D:3      | Found a hide-covered altar of Uskayaw.
  1443 | D:3      | Reached skill level 5 in Short Blades
  1443 | D:3      | Reached XP level 6. HP: 14/39 MP: 6/6
  1443 | D:3      | HP: 1/39 [orc priest/divine providence (13)]
  1444 | D:3      | Slain by an orc priest

Illustrated notes

Levels and vault maps discovered:
D:3:      layout_basic, mainiacjoe_overflow_big_doors,
          mainiacjoe_overflow_large_starburst, serial_co_window_serial,
          co_window_paths_a, co_window_paths_a, co_window_of_opportunity_a,
          co_window_corner_a, co_window_corner_a, co_window_of_opportunity_a,
          co_window_paths_a, co_window_corner_a, co_window_paths_a,
          co_window_corner_b, co_window_unsneaky_path_e,
          co_window_unsneaky_path_d, co_window_2corner, co_window_corner_b,
          co_window_unsneaky_path_b, co_window_paths_e, co_window_4corner_b,
          glass_columns_c, glass_columns_b, glass_columns_b, uniq_sigmund,
          uniq_natasha
D:4:      layout_basic, minmay_temple_entry_sparse_star
D:5:      layout_rooms, elyvilon_altar_5

Skill      XL: |  1  2  3  4  5 |
---------------+----------------+-----
Short Blades   | 3 4 5 |  5.2
Dodging        | 3 4 |  4.0
Stealth        | 7 |  7.0
Fighting       | 4 |  4.5

Action                   |  1- 3 |  4- 6 || total
-------------------------+-------+-------++-------
Melee: Short sword       |    12 |    51 ||    63
  Use: Scroll            |     1 |       ||     1
       Potion            |       |     2 ||     2
 Stab: Sleeping          |     1 |     8 ||     9
       Distracted        |       |     1 ||     1
Armor: Leather armour    |     2 |     4 ||     6
Dodge: Dodged            |     4 |    16 ||    20

Table legend: (Time is in decaauts)
 A = Elapsed time spent in this place.
 B = Non-inter-level travel time spent in this place.
 C = Inter-level travel time spent in this place.
 D = Time resting spent in this place.
 E = Time spent auto-exploring this place.
 F = Levels seen in this place.
 G = Mean time per level.
                   A        B        C        D        E       F      G
               +--------+--------+--------+--------+--------+-----+--------+
         Total |   1419 |   1419 |      0 |      0 |   1167 |   3 |  473.0 |
       Dungeon |   1419 |   1419 |      0 |      0 |   1167 |   3 |  473.0 |
               +--------+--------+--------+--------+--------+-----+--------+

Top non-repeatable levels by time:
     D:3: 948 daAuts
     D:4: 392 daAuts
     D:5: 78 daAuts
